 Dungeon Crawl Stone Soup version 0.32-a0-471-gb91d5d9 (webtiles) character file.

Game seed: 11598117319261323098

259393 poml the Devastator (level 19, 0/122 (127) HPs)
             Began as a Demonspawn Conjurer on Feb 25, 2024.
             Was an Initiate of Gozag.
             Slain by a +2 heavy bardiche (49 damage)
             ... on level 2 of the Elven Halls.
             The game lasted 02:48:11 (64907 turns).

poml the Devastator (Demonspawn Conjurer)          Turns: 64907, Time: 02:48:11

HP:   0/122 (127)   AC: 24    Str:  7    XL:     19   Next: 14%
MP:   15/48         EV: 14    Int: 29    God:    Gozag
Gold: 4709          SH:  5    Dex: 12    Spells: 9/50 levels left

rFire   + + .        e - +3 Elemental Staff {ele, rElec rF+ rC+ AC+3}
rCold   + . .        j - sphere of Battle
rNeg    . . .        J - +2 leather armour {rF+}
rPois   .            I - +0 helmet
rElec   +            M - +2 cloak
rCorr   +            (gloves unavailable)
SInv    +            X - +2 pair of boots {Fly}
Will    ++...        t - amulet of reflection
Stlth   +++          C - +4 ring of protection
HPRegen 0.40/turn    g - ring of magical power
MPRegen 0.31/turn

%: reflection
@: mighty, lethally poisoned (0 -> -7), gold aura, flying, lightly drained
A: yellow scales 3, demonic guardian 3, powered by pain 3, torment resistance 1,
demonic willpower, demonic touch 3, talons 1, see invisible, clever 1
}: 2/15 runes: barnacled, gossamer
a: Renounce Religion, Potion Petition, Call Merchant, Bribe Branch


You were on level 2 of the Elven Halls.
You worshipped Gozag.
Gozag was most pleased with you.
You visited 6 branches of the dungeon, and saw 32 of its levels.

You collected 12759 gold pieces.
You spent 1817 gold pieces at shops.
You paid 6233 gold pieces to Gozag.

Inventory:

Hand Weapons
 e - the +3 Elemental Staff (weapon) {ele, rElec rF+ rC+ AC+3}
   (You acquired it on level 5 of the Dungeon)

   AC+3:      It affects your AC (+3).
   rF+:       It protects you from fire.
   rC+:       It protects you from cold.
   rElec:     It insulates you from electricity.
Missiles
 U - 2 throwing nets
Armour
 j - the sphere of Battle (worn)
   (You acquired it on level 3 of the Shoals)

   Battle:    It summons a battlesphere in combat, with strength depending on
   Conjurations skill.
   Destructive: It enhances your destructive magic, and weakens non-destructive
   magic.
 I - a +0 helmet (worn)
 J - a +2 leather armour of fire resistance (worn)
 M - a +2 cloak (worn)
 X - a +2 pair of boots of flying (worn)
Magical Staves
 W - a staff of conjuration
Jewellery
 g - a ring of magical power (right hand)
 t - an amulet of reflection (around neck)
 x - a +5 ring of evasion
 C - a +4 ring of protection (left hand)
 E - a ring of protection from cold
 L - a ring of willpower
 T - a +4 ring of protection
 Y - a ring of protection from fire
Wands
 a - a wand of charming (13)
 u - a wand of quicksilver (18)
 z - a wand of flame (65)
 D - a wand of digging (4)
 K - a wand of roots (16)
 O - a wand of polymorph (2)
Scrolls
 f - 3 scrolls of enchant armour
 h - 5 scrolls of revelation
 k - 6 scrolls of blinking
 o - 2 scrolls of silence
 p - 5 scrolls of fog
 q - 12 scrolls of vulnerability
 r - 10 scrolls of teleportation
 s - a scroll of butterflies
 B - 2 scrolls of poison
 G - 2 scrolls of amnesia
 Q - 5 scrolls of fear
 S - a scroll of brand weapon
 Z - 9 scrolls of identify
Potions
 b - 2 potions of magic
 c - 8 potions of heal wounds
 i - 6 potions of enlightenment
 l - 4 potions of brilliance
 m - 15 potions of curing
 n - 2 potions of berserk rage
 v - 10 potions of ambrosia
 w - 4 potions of lignification
 A - 4 potions of mutation
 F - 2 potions of invisibility
 H - 4 potions of might
 N - a potion of resistance
 V - 3 potions of attraction
Miscellaneous
 d - a phial of floods
 y - a phantom mirror
 P - a sack of spiders
 R - a lightning rod (4/4)


   Skills:
 + Level 5.2 Fighting
 + Level 0.9 Short Blades
 + Level 3.6 Axes
 + Level 1.8 Staves
 + Level 5.6 Armour
 + Level 8.2 Dodging
 + Level 5.7 Stealth
 + Level 16.4 Spellcasting
 + Level 17.6 Conjurations
 * Level 10.1 Summonings
 + Level 0.3 Necromancy
 + Level 2.0 Translocations
 - Level 3.5 Ice Magic
 - Level 2.7 Air Magic
 + Level 14.1 Earth Magic
 + Level 12.2 Evocations


You had 9 spell levels left.
You knew the following spells:

 Your Spells              Type           Power      Damage    Failure   Level
a - Magic Dart            Conj           100%       1d8       0%          1
b - Searing Ray           Conj           100%       2d8       0%          2
c - Stone Arrow           Conj/Erth      100%       3d13      0%          3
d - Iskenderun's Mystic   Conj/Tloc      88%        2d17      1%          4
e - Spellforged Servitor  Conj/Summ      51%        N/A       8%          7
f - Bombard               Conj/Erth      65%        9d11      1%          6
g - Freezing Cloud        Conj/Ice/Air   62%        6-21      3%          5
h - Petrify               Alch/Erth      59%        N/A       1%          4
i - Orb of Destruction    Conj           56%        9d14      1%          7
j - Sublimation of Blood  Necr           12%        N/A       3%          2

Your spell library contained the following spells:

 Spells                   Type           Power      Damage    Failure   Level
 Sandblast                Erth           100%       2d20      0%          1
 Ensorcelled Hibernation  Hex/Ice        66%        N/A       1%          2
 Passwall                 Erth           82%        N/A       1%          3
 Animate Armour           Summ/Erth      100%       N/A       1%          4
 Brom's Barrelling Bould  Conj/Erth      100%       2d11      1%          4
 Fulminant Prism          Conj/Alch      42%        3d19      1%          4
 Leda's Liquefaction      Alch/Erth      29%        N/A       1%          4
 Arcjolt                  Conj/Air       56%        1d66      1%          5
 Fireball                 Conj/Fire      53%        3d21      1%          5
 Irradiate                Conj/Alch      42%        3d25      1%          5
 Iskenderun's Battlesphe  Conj           100%       2d15      1%          5
 Lee's Rapid Deconstruct  Erth           63%        3d29*     1%          5
 Cigotuvi's Dreadful Rot  Necr/Alch/Air  58%        N/A       2%          2
 Swiftness                Air            39%        N/A       2%          3
 Martyr's Knell           Necr/Summ      27%        N/A       3%          4
 Summon Blazeheart Golem  Fire/Summ      52%        N/A       3%          4
 Summon Forest            Summ/Tloc      14%        N/A       6%          5
 Conjure Ball Lightning   Conj/Air       56%        3x3d20    6%          6
 Summon Cactus Giant      Summ           20%        N/A       7%          6
 Vhi's Electric Charge    Tloc/Air       74%        N/A       10%         4
 Summon Mana Viper        Hex/Summ       26%        N/A       10%         5
 Dispel Undead            Necr           12%        3d9       24%         4
 Cause Fear               Hex            5%         N/A       26%         4
 Ignite Poison            Fire/Alch      52%        N/A       26%         4
 Sticky Flame             Fire/Alch      52%        2d9       26%         4
 Lehudib's Crystal Spear  Conj/Erth      65%        10d15     26%         8
 Haunt                    Necr/Summ      13%        N/A       95%         7
 Death Channel            Necr           6%         N/A       98%         6
 Borgnjor's Revivificati  Necr           6%         N/A       100%        8
 Ignition                 Fire           26%        3d9       100%        8
 Maxwell's Capacitive Co  Air            37%        ∞         100%        8
 Death's Door             Necr           6%         N/A       100%        9
 Dragon's Call            Summ           20%        N/A       100%        9


Dungeon Overview and Level Annotations

Branches:
Dungeon (15/15)            Temple (0/1) D:4            Lair (5/5) D:10
 Shoals (4/4) Lair:3       Spider (4/4) Lair:2        Slime (0/5) Lair:5
    Orc (2/2) D:9             Elf (2/3) Orc:2        Vaults (0/5) D:14
 Depths (0/4) D:15

Altars:
Cheibriados
Fedhas
Gozag
Makhleb
Nemelex Xobeh
Qazlal
Trog
Vehumet
Wu Jian
Xom
Yredelemnul
Beogh
Lugonu

Shops:
D:7 *   D:10 *   D:11 [:   D:13 :[!((   D:15 [?=?   Orc:2 **([!   Lair:5 ?
Spider:1 ?

Portals:
Abyss: Lair:5

Annotations:
D:6 1 runed translucent door, tls9540's ghost, novice VSSh
D:15 3 runed translucent doors, Igrim's ghost, adept CoGl
Lair:1 3 runed translucent doors, Zoroqier's ghost, journeyman HuFi
Lair:2 exclusion: oklob plant
Shoals:1 1 runed translucent door
Elf:1 exclusion: obsidian statue
Elf:2 20 runed translucent doors


Innate Abilities, Weirdness & Mutations

You are completely covered in yellow scales. (AC +4, rCorr)
A powerful demonic guardian rushes to your aid.
You are powered by pain.
You are resistant to unholy torment.
You punish those that try to bend your will. (Will+)
Your touch may irresistibly damage your foes and sap their willpower.
You have sharp toenails.
You have supernaturally acute eyesight. (SInv)
Your mind is acute. (Int +4, Str/Dex -1)


Message History

You are more poisoned.
Unknown command.
Unknown command.
Unknown command.
Unknown command.
Unknown command.
Casting: Stone Arrow (safe; 0% risk of failure)
Confirm with . or Enter, or press ? or * to list all spells.
You feel a surge of power!
You erupt in a blast of force!
Your demonic guardian avoids your attack.
The mystic blast hits the +4 short sword of venom!
The +4 short sword of venom is severely damaged.
The +4 short sword of venom is knocked back by the mystic blast.
The mystic blast hits the +1 flail of draining!!
The +1 flail of draining turns to gold and falls from the air.
The mystic blast hits the deep elf knight!!
The deep elf knight is almost dead.
The deep elf knight is knocked back by the mystic blast.
You feel very sick.
Your battlesphere fires!
The barrage of energy hits the +2 heavy bardiche.
The +2 heavy bardiche is moderately damaged.
Unknown command.
Unknown command.
Casting: Iskenderun's Mystic Blast (mildly dangerous; 1% risk of failure)
Confirm with . or Enter, or press ? or * to list all spells.
Aiming: Bombard (mildly dangerous; 1% risk of failure)
Press: ? - help, Shift-Dir - straight line, f/p - deep elf knight
Aim: a deep elf knight, wielding a +0 long sword and wearing a +2 buckler (almost dead, fast, slightly transparent, 63% to hit)
You feel a strong surge of power!
The iron shot hits the deep elf knight!!!
You kill the deep elf knight!
You feel very sick.
Your battlesphere fires!
The barrage of energy hits the +2 heavy bardiche!
The +2 heavy bardiche is heavily damaged.
The +2 heavy bardiche hits you from afar!!!
You die...
Your body crumbles into a pile of gold.

###............###............#
...#..........#...#..........#.
....#......§.#.....#.......)#..
.....#.....§#§......#......#...
.......#....#§§.......#....#....
........#^.#§2*........#..#)))..
.........##..($..(......##.))...
.........##....$........##.)....
........#..#.$.@.......#..#.....
.......#....#.........#....#....
?.....#.....*#.......#......#...
....#....○☼..#.....#........#..
...#.....○....#...#..........#.
###.....9......###............#
############## ##############


You could see 2 dancing weapons, a friendly spellforged servitor (summoned), a
friendly lorocyproca (summoned, invisible, very poisoned) and a friendly
battlesphere.

Vanquished Creatures
  Mara (Spider:3)
  Saint Roka (Elf:2)
  Arachne (Spider:3)
  Mlioglotl (Spider:4)
  Rupert (D:15)
  Jorgrun (Elf:2)
  A deep elf blademaster (Elf:2)
  A titan (Shoals:4)
  Asterion (Spider:3)
  Polyphemus (Shoals:3)
  Agnes (Elf:2)
  Aizul (Spider:1)
  Roxanne (Spider:4)
  An emperor scorpion (Spider:4)
  6 ghost moths
  A deep elf elementalist (Elf:2)
  A broodmother (Spider:4)
  Azrael (Elf:1)
  2 spark wasps (Spider:4)
  A deep elf annihilator (Elf:2)
  7 merfolk javelineers
  Josephine (D:15)
  9 merfolk impalers
  4 entropy weavers
  A fire dragon (D:15)
  A deep elf high priest (Elf:1)
  2 rakshasas (D:15)
  An entropy weaver (shapeshifter) (D:15)
  5 hydras
  5 merfolk avatars
  4 boulder beetles
  3 jorogumos
  3 catoblepae
  A two-headed ogre (D:9)
  4 centaur warriors
  10 merfolk aquamancers
  3 alligator snapping turtles (Shoals:4)
  A radroach (Spider:2)
  2 death yaks (Shoals:3)
  A satyr (Shoals:4)
  20 dancing weapons
  2 demonic crawlers
  An occultist (D:15)
  An orc high priest (Orc:2)
  Nergalle (D:10)
  4 thrashing horrors (Lair:5)
  7 deep elf knights
  Amaemon (D:11)
  9 skysharks
  5 pharaoh ants (Spider:4)
  10 orb spiders
  A deep troll (shapeshifter) (D:14)
  7 sea snakes
  A sun moth (Spider:3)
  A glowing orange brain (D:15)
  2 lindwurms (D:14)
  12 deep elf archers
  18 deep elf pyromancers
  29 deep elf zephyrmancers
  A large abomination (Lair:5)
  An orc knight (Orc:1)
  3 steelbarb worms
  10 manticores
  4 ugly things
  15 harpies
  2 orc sorcerers (Orc:2)
  3 moths of wrath
  8 meliai
  7 fauns
  19 wolf spiders
  2 cyclopes
  7 kobold blastminers
  6 merfolk sirens
  6 elephants (Lair:4)
  6 black mambas
  2 smoke demons (Lair:5)
  7 water nymphs
  An orange demon (D:11)
  A gargoyle (D:12)
  15 cane toads
  Maggie (D:6)
  An unseen horror (shapeshifter) (Lair:5)
  2 freezing wraiths (D:14)
  5 torpor snails
  An unseen horror (D:11)
  2 rime drakes
  A tengu conjurer (D:15)
  8 komodo dragons
  6 trolls
  29 tarantellas
  3 polar bears
  A hornet (shapeshifter) (D:14)
  23 merfolk
  Grinder (D:6)
  3 raiju (Lair:5)
  13 wind drakes
  8 hornets
  10 blink frogs
  9 snapping turtles
  A snapping turtle (shapeshifter) (D:15)
  4 slime creatures (D:15)
  9 dream sheep
  23 culicivoras
  2 shadows (D:10)
  4 wraiths
  A spriggan (Lair:5)
  Sigmund (D:2)
  3 wyverns
  6 air elementals
  2 fire bats (shapeshifter)
  A ynoxinul (Lair:5)
  36 jumping spiders
  23 water elementals
  40 yaks
  11 basilisks
  50 redbacks
  Grum (D:8)
  A chaos spawn (Lair:5)
  2 wargs
  A steam dragon (D:8)
  4 vampire mosquitoes
  A basilisk (shapeshifter) (Lair:5)
  3 fire elementals
  An acid dragon (D:13)
  Edmund (D:6)
  11 small abominations (Lair:5)
  19 water moccasins
  A water moccasin (shapeshifter) (D:14)
  6 hell hounds (Elf:1)
  2 black bears
  27 orc warriors
  2 laughing skulls (D:14)
  8 ogres
  14 wolves
  3 centaurs (D:13)
  A gnoll sergeant (D:10)
  3 scorpions
  15 bullfrogs
  3 wights (D:4)
  11 killer bees
  3 howler monkeys
  A lava snake (Orc:2)
  A jelly (Lair:5)
  A bombardier beetle (D:4)
  4 hounds
  22 orc priests
  A gnoll bouda (D:5)
  A sleepcap (D:5)
  Jessica (D:2)
  Natasha (thrice) (D:2)
  28 orc wizards
  4 hell rats (Lair:4)
  11 gnolls
  7 adders
  2 shadow imps
  3 white imps
  A dart slug (D:5)
  84 orcs
  6 bats
  6 endoplasms
  15 giant cockroaches
  3 goblins
  8 hobgoblins
  6 jackals
  3 quokkas
  8 ball pythons
  2 frilled lizards (D:2)
  6 kobolds
  9 rats
1087 creatures vanquished.

Vanquished Creatures (collateral kills)
  2 ghost moths
  Louise (Elf:2)
  An orc warlord (Orc:2)
  2 merfolk impalers
  A centaur warrior (D:13)
  A jorogumo (Spider:3)
  3 dancing weapons
  2 merfolk aquamancers (Shoals:1)
  A deep elf knight (Elf:2)
  A skyshark (Shoals:1)
  An orb spider (Spider:4)
  A deep elf archer (Elf:2)
  2 steelbarb worms
  2 lindwurms (D:14)
  A deep elf pyromancer (Elf:1)
  A deep elf zephyrmancer (Elf:1)
  2 harpies
  3 wolf spiders
  A meliai (Spider:4)
  A merfolk siren (Shoals:1)
  A water nymph (Shoals:1)
  A cane toad (Lair:2)
  2 merfolk
  A tarantella (Spider:3)
  A wind drake (Shoals:4)
  4 slime creatures (D:15)
  3 jumping spiders (Spider:3)
  A water elemental (Shoals:1)
  6 redbacks
  2 orc warriors
  2 centaurs (D:13)
  A wolf (D:9)
  A killer bee (D:9)
  2 orc priests
  A hound (D:4)
  2 orc wizards
  7 orcs
  A jackal (D:4)
  4 boulders
73 creatures vanquished.

Vanquished Creatures (others)
  A deep elf knight (Elf:2)
  2 deep elf pyromancers
  A deep elf zephyrmancer (Elf:1)
  An arcanist (D:7)
  A water elemental (Elf:2)
  2 redbacks
  2 orcs (Orc:2)
  6 boulders
  A butterfly (D:15)
17 creatures vanquished.

Grand Total: 1177 creatures vanquished

Notes
Turn   | Place    | Note
-------+----------+-------------------------------------------
     0 | D:1      | poml the Demonspawn Conjurer began the quest for the Orb.
     0 | D:1      | Reached XP level 1. HP: 13/13 MP: 3/3
   288 | D:1      | Gained mutation: You are partially covered in yellow
                  | scales. (AC +2) [demonic ancestry]
   288 | D:1      | Reached XP level 2. HP: 19/19 MP: 0/5
   291 | D:1      | Learned a level 2 spell: Searing Ray
   832 | D:2      | Reached XP level 3. HP: 24/24 MP: 1/6
   980 | D:2      | Noticed Natasha
   985 | D:2      | Killed Natasha
   986 | D:2      | Gained mutation: A weak demonic guardian rushes to your
                  | aid. [demonic ancestry]
   986 | D:2      | Reached XP level 4. HP: 31/31 MP: 3/7
  1330 | D:2      | Noticed Sigmund
  1337 | D:2      | Killed Sigmund
  1338 | D:2      | Reached skill level 1 in Fighting
  1338 | D:2      | Reached skill level 5 in Conjurations
  1338 | D:2      | Gained mutation: A demonic guardian rushes to your aid.
                  | [demonic ancestry]
  1338 | D:2      | Reached XP level 5. HP: 26/37 MP: 0/9
  1538 | D:2      | Found a shimmering altar of Xom.
  1569 | D:2      | You fall into a shaft and drop 2 floors!
  1756 | D:2      | Noticed Natasha
  1769 | D:2      | Killed Natasha
  1770 | D:2      | Reached XP level 6. HP: 31/43 MP: 2/10
  2024 | D:2      | Noticed Natasha
  2031 | D:2      | Killed Natasha
  2150 | D:2      | Noticed Jessica
  2157 | D:2      | Killed Jessica
  2460 | D:3      | Found an opulent altar of Gozag.
  2468 | D:3      | Became a worshipper of Gozag Ym Sagoz the Greedy
  2767 | D:3      | Reached skill level 1 in Axes
  4102 | D:4      | Gained mutation: You sometimes gain a little power by
                  | taking damage. [demonic ancestry]
  4102 | D:4      | Reached XP level 7. HP: 48/48 MP: 6/12
  4329 | D:4      | Found a staircase to the Ecumenical Temple.
  4736 | D:4      | Reached skill level 6 in Conjurations
  5220 | D:5      | Entered Level 5 of the Dungeon
  5575 | D:5      | Gained mutation: You sometimes gain power by taking damage.
                  | [demonic ancestry]
  5575 | D:5      | Reached XP level 8. HP: 56/56 MP: 8/14
  6451 | D:5      | Identified a scroll of acquirement
  6454 | D:5      | Acquired the +3 Elemental Staff {ele, rElec rF+ rC+ AC+3}
  6454 | D:5      | Found the +3 Elemental Staff {ele, rElec rF+ rC+ AC+3}
  6465 | D:5      | Learned a level 3 spell: Stone Arrow
  6470 | D:6      | Noticed Edmund
  6473 | D:6      | Killed Edmund
  6586 | D:6      | Noticed Grinder
  6590 | D:6      | Killed Grinder
  6885 | D:6      | Found a runed translucent door.
  6887 | D:6      | Noticed tls9540's ghost (novice VSSh)
  6922 | D:6      | Noticed Maggie
  7002 | D:6      | Killed Maggie
  7003 | D:6      | Reached skill level 5 in Dodging
  7003 | D:6      | Reached skill level 5 in Spellcasting
  7003 | D:6      | Reached skill level 7 in Conjurations
  7003 | D:6      | Reached skill level 1 in Earth Magic
  7003 | D:6      | Gained mutation: Your touch may inflict minor irresistible
                  | damage on your foes. [demonic ancestry]
  7003 | D:6      | Reached XP level 9. HP: 59/63 MP: 3/16
  7980 | D:7      | Reached skill level 1 in Evocations
  8653 | D:7      | Found Munkap's Serpentskin Sales.
  8933 | D:7      | Reached skill level 1 in Staves
  9375 | D:7      | Found a bloodstained altar of Trog.
  9378 | D:7      | Noticed a wizard
  9383 | D:7      | Killed a wizard
  9413 | D:8      | Found a basalt altar of Yredelemnul.
  9427 | D:8      | Found an ornate altar of the Wu Jian Council.
  9701 | D:8      | Noticed Grum
  9706 | D:8      | Killed Grum
  9962 | D:8      | Found a sparkling altar of Nemelex Xobeh.
 10112 | D:8      | Found a blossoming altar of Fedhas.
 10386 | D:8      | Found a burning altar of Makhleb.
 10734 | D:9      | Gained mutation: You are mostly covered in yellow scales.
                  | (AC +3) [demonic ancestry]
 10734 | D:9      | Reached XP level 10. HP: 70/70 MP: 7/19
 11072 | D:9      | Reached skill level 8 in Conjurations
 11292 | D:9      | Noticed a two-headed ogre
 11297 | D:9      | Killed a two-headed ogre
 11522 | D:9      | Found a staircase to the Orcish Mines.
 11863 | D:9      | Found a stormy altar of Qazlal.
 12221 | D:10     | Entered Level 10 of the Dungeon
 12223 | D:10     | Noticed Nergalle
 12527 | D:10     | Killed Nergalle
 12528 | D:10     | Reached skill level 5 in Earth Magic
 12735 | D:10     | Found a staircase to the Lair.
 12758 | D:9      | Reached skill level 5 in Evocations
 12829 | D:9      | Learned a level 4 spell: Iskenderun's Mystic Blast
 12897 | D:10     | Found Oqoastya's Assorted Antiques.
 12914 | D:10     | Bought a scroll of identify for 48 gold pieces
 12914 | D:10     | Bought a scroll of teleportation for 72 gold pieces
 12914 | D:10     | Bought a scroll of identify for 48 gold pieces
 12914 | D:10     | Bought a dyed leather armour for 120 gold pieces
 13001 | D:10     | Reached skill level 5 in Stealth
 13538 | D:11     | Found Cheibriados's Comfort Zone.
 13547 | D:11     | Noticed a boulder beetle
 13764 | D:11     | Killed a boulder beetle
 13765 | D:11     | Reached skill level 9 in Conjurations
 13765 | D:11     | Reached XP level 11. HP: 47/75 MP: 10/22
 14012 | D:11     | Found a snail-covered altar of Cheibriados.
 14023 | D:11     | Noticed Amaemon
 14029 | D:11     | Reached skill level 1 in Armour
 14036 | D:11     | Killed Amaemon
 14165 | D:11     | Identified the +6 scale mail of Disaster {rF++}
 14966 | Lair:1   | Entered Level 1 of the Lair of Beasts
 15655 | Lair:1   | Identified the +0 chain mail "Nisseipt" {Harm Regen+}
 16322 | Lair:1   | Found a runed translucent gate.
 16322 | Lair:1   | Found a runed translucent gate.
 16322 | Lair:1   | Found a runed translucent gate.
 16402 | Lair:1   | Noticed Zoroqier's ghost (journeyman HuFi)
 16403 | Lair:1   | Noticed an ice dragon
 16507 | Lair:1   | Reached skill level 10 in Conjurations
 16509 | Lair:1   | Gained mutation: Your touch may inflict irresistible damage
                  | on your foes. [demonic ancestry]
 16509 | Lair:1   | Reached XP level 12. HP: 83/83 MP: 11/24
 17425 | Lair:2   | Found a hole to the Spider Nest.
 18045 | Lair:2   | Noticed a six-headed hydra
 18125 | Lair:2   | Found a blossoming altar of Fedhas.
 18144 | Lair:2   | Killed a six-headed hydra
 19243 | Lair:3   | Found a staircase to the Shoals.
 20302 | Lair:3   | Noticed an eight-headed hydra
 20312 | Lair:3   | Killed an eight-headed hydra
 20729 | Lair:5   | Entered Level 5 of the Lair of Beasts
 20838 | Lair:5   | Noticed a four-headed hydra
 20844 | Lair:5   | Killed a four-headed hydra
 21170 | Lair:5   | Noticed an eight-headed hydra
 21218 | Lair:5   | Reached skill level 11 in Conjurations
 21716 | Lair:5   | Gained mutation: A powerful demonic guardian rushes to your
                  | aid. [demonic ancestry]
 21716 | Lair:5   | Reached XP level 13. HP: 90/90 MP: 19/26
 21847 | Lair:5   | Found a staircase to the Slime Pits.
 22840 | Lair:4   | Reached skill level 10 in Spellcasting
 24425 | Lair:4   | Learned a level 4 spell: Brom's Barrelling Boulder
 25296 | Lair:5   | Reached skill level 12 in Conjurations
 25884 | Lair:5   | Bought a scroll of identify for 22 gold pieces
 25884 | Lair:5   | Bought a scroll of blinking for 82 gold pieces
 25884 | Lair:5   | Bought a scroll of teleportation for 33 gold pieces
 25884 | Lair:5   | Bought a scroll of identify for 22 gold pieces
 25884 | Lair:5   | Bought a scroll of teleportation for 33 gold pieces
 25886 | Lair:5   | Gained mutation: Your mind is acute. (Int +4, Str/Dex -1)
                  | [potion of mutation]
 25886 | Lair:5   | Gained mutation: You have sharp toenails. [potion of
                  | mutation]
 25886 | Lair:5   | Gained mutation: You have supernaturally acute eyesight.
                  | (SInv) [potion of mutation]
 26640 | Lair:5   | Identified the +7 dagger of Extinguishment {holy, rElec}
 26895 | Lair:5   | Reached skill level 10 in Evocations
 27055 | Lair:5   | Found a corrupted altar of Lugonu.
 27055 | Lair:5   | Found a one-way gate to the infinite horrors of the Abyss.
 27075 | Lair:5   | Gained mutation: Your touch may irresistibly damage your
                  | foes and sap their willpower. [demonic ancestry]
 27075 | Lair:5   | Reached XP level 14. HP: 96/96 MP: 15/28
 27160 | Lair:5   | Identified the +5 hand axe "Geic" {venom, rPois Dex+3}
 27212 | Lair:5   | Learned a level 6 spell: Bombard
 27723 | Orc:1    | Entered Level 1 of the Orcish Mines
 27935 | Orc:2    | Entered Level 2 of the Orcish Mines
 28200 | Orc:2    | Found a dark tunnel.
 28449 | Orc:2    | Found a roughly hewn altar of Beogh.
 28630 | Orc:2    | Found Obinusid's Distillery.
 28641 | Orc:2    | Bought a potion of heal wounds for 70 gold pieces
 28641 | Orc:2    | Bought a potion of heal wounds for 70 gold pieces
 28641 | Orc:2    | Bought a potion of curing for 42 gold pieces
 28865 | Orc:2    | Paralysed by an orc sorcerer for 5 turns
 29229 | Orc:2    | Found a staircase to the Elven Halls.
 29562 | Orc:2    | Found a roughly hewn altar of Beogh.
 29931 | Orc:2    | Found Faeshrouf's Assorted Antiques.
 30574 | Orc:2    | Noticed an orc warlord
 30598 | Orc:2    | Killed an orc warlord
 30599 | Orc:2    | Reached skill level 1 in Translocations
 30805 | Orc:2    | Found Xenydock's Antique Weapon Boutique.
 30806 | Orc:2    | Found a roughly hewn altar of Beogh.
 30810 | Orc:2    | Found Bivihan's Antique Armour Shop.
 30968 | Orc:2    | Found a roughly hewn altar of Beogh.
 31246 | Orc:2    | Found Zungeit's Assorted Antiques.
 31254 | Orc:2    | Bought a scroll of identify for 60 gold pieces
 31254 | Orc:2    | Bought a scroll of identify for 60 gold pieces
 31254 | Orc:2    | Bought a scroll of identify for 60 gold pieces
 32631 | D:12     | Found a radiant altar of Vehumet.
 33297 | D:13     | Reached skill level 10 in Earth Magic
 33488 | D:13     | Found Moroucs's Distillery.
 33496 | D:13     | Found Neucuis's Weapon Shoppe.
 33537 | D:13     | Found Riebih's Weapon Emporium.
 33565 | D:13     | Found Gicukihi's Armour Boutique.
 33691 | D:13     | Bought a +0 pair of boots of flying for 172 gold pieces
 34316 | D:13     | Found Fautapp's Book Shop.
 34324 | D:13     | Bought a Trismegistus Codex for 504 gold pieces
 34330 | D:13     | Learned a level 5 spell: Freezing Cloud
 34388 | D:14     | Found a basalt altar of Yredelemnul.
 34794 | D:14     | Reached skill level 1 in Ice Magic
 35125 | D:14     | Reached skill level 1 in Air Magic
 35216 | D:14     | Got the Cyclopedia of the Anticline
 35225 | D:14     | Learned a level 4 spell: Petrify
 35531 | D:14     | Reached skill level 13 in Conjurations
 35862 | D:14     | Found a gate to the Vaults.
 36258 | D:15     | Entered Level 15 of the Dungeon
 36420 | D:15     | Found a runed translucent gate.
 36420 | D:15     | Found a runed translucent gate.
 36420 | D:15     | Found a runed translucent gate.
 36828 | D:15     | Gained mutation: You are powered by pain. [demonic
                  | ancestry]
 36828 | D:15     | Reached XP level 15. HP: 67/101 MP: 12/31
 36953 | D:15     | Found Ixtuhit's Antique Armour Shop.
 37117 | D:15     | Noticed Rupert
 37543 | D:15     | Paralysed by Rupert for 2 turns
 37717 | D:15     | Paralysed by Rupert for 3 turns
 37723 | D:15     | Killed Rupert
 37833 | D:15     | Noticed Josephine
 37843 | D:15     | Killed Josephine
 38269 | D:15     | Found a staircase to the Depths.
 38602 | D:15     | Noticed Igrim's ghost (adept CoGl)
 38690 | D:15     | Bought a scroll of teleportation for 33 gold pieces
 38694 | D:15     | Bought a scroll of teleportation for 42 gold pieces
 38889 | Shoals:1 | Entered Level 1 of the Shoals
 38922 | Shoals:1 | Acquired a book of Dangerous Friends
 38932 | Shoals:1 | Learned a level 7 spell: Orb of Destruction
 40833 | Shoals:1 | Found a runed translucent door.
 43119 | Shoals:2 | Reached skill level 14 in Conjurations
 43757 | Shoals:2 | Learned a level 7 spell: Spellforged Servitor
 44262 | Shoals:3 | Reached skill level 1 in Summonings
 44324 | Shoals:3 | Reached XP level 16. HP: 108/108 MP: 18/33
 44409 | Shoals:3 | Acquired 913 gold pieces
 44414 | Shoals:3 | Acquired the sphere of Battle
 44414 | Shoals:3 | Found the sphere of Battle
 44698 | Shoals:3 | Noticed Polyphemus
 45102 | Shoals:3 | Killed Polyphemus
 45490 | Shoals:4 | Entered Level 4 of the Shoals
 45490 | Shoals:4 | Found a blossoming altar of Fedhas.
 46208 | Shoals:4 | Paralysed by an air elemental for 1 turns
 46230 | Shoals:3 | Reached skill level 5 in Armour
 46339 | Shoals:4 | Identified the +1 short sword of Baulij {freeze, ^Fragile
                  | SInv Stlth+}
 47352 | Shoals:4 | Paralysed by an air elemental for 1 turns
 48681 | Shoals:4 | Paralysed by an air elemental for 1 turns
 48685 | Shoals:4 | Reached skill level 15 in Conjurations
 48804 | Shoals:4 | Reached skill level 5 in Summonings
 49105 | Shoals:4 | Noticed a titan
 49110 | Shoals:4 | Killed a titan
 49225 | Shoals:4 | Got a barnacled rune of Zot
 49279 | Shoals:4 | Paralysed by an air elemental for 1 turns
 49747 | Spider:1 | Entered Level 1 of the Spider Nest
 49825 | Spider:1 | Identified the serpent talisman of Ahoa {Will+ Int+2 SInv
                  | Stlth+}
 49825 | Spider:1 | Noticed Aizul
 49828 | Spider:1 | Killed Aizul
 50729 | Spider:1 | Gained mutation: You punish those that try to bend your
                  | will. (Will+) [demonic ancestry]
 50729 | Spider:1 | Reached XP level 17. HP: 113/113 MP: 10/35
 51580 | Spider:1 | Bought a scroll of fear for 56 gold pieces
 51580 | Spider:1 | Bought a scroll of teleportation for 42 gold pieces
 51580 | Spider:1 | Bought a scroll of teleportation for 42 gold pieces
 51580 | Spider:1 | Bought 2 scrolls of teleportation for 84 gold pieces
 52632 | Spider:2 | Reached skill level 5 in Fighting
 53654 | Spider:3 | Noticed Asterion
 54223 | Spider:3 | Noticed Mara
 54315 | Spider:3 | Killed Mara
 55002 | Spider:3 | Reached skill level 15 in Spellcasting
 55221 | Spider:3 | Killed Asterion
 55317 | Spider:3 | Noticed Arachne
 55509 | Spider:3 | Killed Arachne
 55510 | Spider:3 | Reached skill level 16 in Conjurations
 55899 | Spider:3 | Learned a level 2 spell: Sublimation of Blood
 55919 | Spider:4 | Entered Level 4 of the Spider Nest
 56186 | Spider:4 | Noticed Roxanne
 56196 | Spider:4 | Killed Roxanne
 56347 | Spider:4 | Identified the +1 chain mail of Transparent Surprise {MP+9
                  | Int+3}
 56365 | Spider:4 | Noticed Mlioglotl
 56372 | Spider:4 | Killed Mlioglotl
 57455 | Spider:4 | Gained mutation: You are resistant to unholy torment.
                  | [demonic ancestry]
 57455 | Spider:4 | Reached XP level 18. HP: 73/118 MP: 36/37
 59303 | Spider:4 | Got a gossamer rune of Zot
 59639 | Elf:1    | Entered Level 1 of the Elven Halls
 59764 | Elf:1    | Found a radiant altar of Vehumet.
 61432 | Elf:1    | Reached skill level 17 in Conjurations
 61723 | Elf:1    | Noticed Azrael
 61725 | Elf:1    | Killed Azrael
 62197 | Elf:2    | Found a huge runed translucent gate.
 62197 | Elf:2    | Found a huge runed translucent gate.
 62199 | Elf:2    | Found a huge runed translucent gate.
 62199 | Elf:2    | Found a huge runed translucent gate.
 62200 | Elf:2    | Found a huge runed translucent gate.
 62200 | Elf:2    | Found a huge runed translucent gate.
 62200 | Elf:2    | Found a huge runed translucent gate.
 62201 | Elf:2    | Found a huge runed translucent gate.
 62201 | Elf:2    | Found a huge runed translucent gate.
 62201 | Elf:2    | Found a huge runed translucent gate.
 62201 | Elf:2    | Found a huge runed translucent gate.
 62201 | Elf:2    | Found a huge runed translucent gate.
 62201 | Elf:2    | Found a huge runed translucent gate.
 62201 | Elf:2    | Found a huge runed translucent gate.
 62201 | Elf:2    | Found a huge runed translucent gate.
 62201 | Elf:2    | Found a huge runed translucent gate.
 62201 | Elf:2    | Found a huge runed translucent gate.
 62201 | Elf:2    | Found a huge runed translucent gate.
 62201 | Elf:2    | Found a huge runed translucent gate.
 62202 | Elf:2    | Found a huge runed translucent gate.
 62231 | Elf:2    | Acquired an amulet of reflection
 63173 | Elf:2    | Noticed Louise
 63180 | Elf:2    | Killed Louise
 63296 | Elf:2    | Noticed Agnes
 63301 | Elf:2    | Killed Agnes
 63410 | Elf:2    | Found a runed translucent gate.
 63410 | Elf:2    | Found a runed translucent gate.
 63421 | Elf:2    | Found a runed translucent gate.
 63986 | Elf:2    | Noticed Jorgrun
 63991 | Elf:2    | Killed Jorgrun
 64023 | Elf:2    | Noticed Saint Roka
 64036 | Elf:2    | Killed Saint Roka
 64045 | Elf:2    | Gained mutation: You are completely covered in yellow
                  | scales. (AC +4, rCorr) [demonic ancestry]
 64045 | Elf:2    | Reached XP level 19. HP: 86/126 MP: 7/39
 64625 | Elf:2    | Reached skill level 10 in Summonings
 64907 | Elf:2    | Slain by a +2 heavy bardiche

Illustrated notes

Levels and vault maps discovered:
D:1:      tarquinn_simple_flora_water_f, layout_basic
D:2:      layout_basic, basic_altar, uniq_natasha, uniq_jessica, uniq_sigmund
D:3:      minmay_roachtagon, layout_loops_corners, nicolae_gozag_seed_capital,
          serial_forest, infiniplex_forest_clump_long,
          infiniplex_forest_diagonal, infiniplex_forest_corner_1,
          infiniplex_forest_lined_4_way, infiniplex_forest_straight_2,
          infiniplex_forest_clump_small, minmay_fountain_box,
          kennysheep_nondescript, kennysheep_generic_room_13
D:4:      kennysheep_big_flooded_room, layout_basic, minmay_temple_entry_waves,
          kennysheep_generic_room_6
D:5:      layout_basic
D:6:      layout_basic, gammafunk_ghost_grave, uniq_grinder, uniq_maggie,
          uniq_edmund
D:7:      layout_loops_cross, trog_wizard, guppyfry_shop_venom
D:8:      layout_basic, overflow_temple_1_default, old_standard_altar,
          nemelex_diamond_rough_becter, mainiacjoe_overflow_cross_hatched,
          lightli_temple_of_fire, tso_oasis_becter, nicolae_letterblocks
          [nicolae_letter_subblock, nicolae_letter_subblock,
          nicolae_letter_subblock, nicolae_letter_subblock,
          nicolae_letter_subblock, nicolae_letter_subblock,
          nicolae_letter_subblock, nicolae_letter_subblock,
          nicolae_letter_subblock, nicolae_letter_subblock,
          nicolae_letter_subblock, nicolae_letter_subblock,
          nicolae_letter_subblock, nicolae_letter_subblock,
          nicolae_letter_subblock, nicolae_letter_subblock,
          nicolae_letter_subblock, nicolae_letter_subblock,
          nicolae_letter_subblock, nicolae_letter_subblock,
          nicolae_letter_subblock, nicolae_letter_subblock,
          nicolae_letter_subblock, nicolae_letter_subblock,
          nicolae_letter_subblock], uniq_grum
D:9:      layout_layer_cave, kennysheep_mini, minmay_orc_entry_guard_dogs
D:10:     layout_cave_pools, david_lair_generic, serial_shops,
          nicolae_shop_overgrown_old_shop, uniq_nergalle
D:11:     layout_rooms, minmay_shop_chei, uniq_amaemon
D:12:     layout_loops_ring, fiery_altar_vehumet
D:13:     layout_irregular_city, serial_shops, shop, kennysheep_mini_moat,
          nicolae_shop_bloodbath_and_beyond, shop, shop
D:14:     layout_basic, david_vaults_2, yredelemnul_altar_generic,
          minmay_lindwurm_lava
D:15:     gammafunk_enter_depths_forms, layout_basic, gammafunk_ghost_spectres,
          nicolae_elyvilon_peaceful_grove, serial_shops, nicolae_lakefront_shop,
          uniq_josephine, uniq_rupert
Lair:1:   layout_cave_pods, gammafunk_ghost_icy, beast_lair_carwin_9
Lair:2:   layout_roguey, spider_nest_entry_a, tgw_fedhas
Lair:3:   layout_cave_pods, elwin_shoals_entry_rocks
Lair:4:   layout_roguey
Lair:5:   hellmonk_lair_end_abyssal_woods, layout_cave_pods,
          nicolae_slime_entry_field_trip
Shoals:1: nicolae_shoals_offshore_bank_account, layout_shoals, st_sunken_temple
Shoals:2: layout_shoals, nicolae_shoals_former_cling_halls
Shoals:3: layout_shoals, uniq_polyphemus
Shoals:4: shoals_end_hellmonk_storm_palace [storm_palace_center_ruins,
          storm_palace_corner_narrow, storm_palace_corner_grid,
          storm_palace_corner_pillars, storm_palace_corner_altar]
Spider:1: layout_chambers, nicolae_spider_checkerboard, uniq_aizul
Spider:2: layout_spider_delve, guppyfry_spider_mini_3
Spider:3: layout_spider_delve, drop_trap, uniq_mara, uniq_arachne, uniq_asterion
Spider:4: spider_rune_water, uniq_mlioglotl, uniq_roxanne
Orc:1:    layout_caves
Orc:2:    grunt_orc_community_town_hall, layout_caves,
          grunt_orc_community_big_house_2, grunt_orc_community_big_house_1,
          grunt_orc_community_house_2, grunt_orc_community_house_2,
          grunt_orc_community_house_3, grunt_orc_community_house_3,
          gauntlet_entry_generic, nicolae_volcano_entry_two_sided, serial_shops,
          shop, nicolae_orc_bridge_out
Elf:1:    eino_elf_arrival_altar, layout_rooms, guppyfry_elf_altar,
          minivault_25_ag, grunt_megastairs_3, uniq_azrael
Elf:2:    nicolae_elf_blades_splatter_lattice [nicolae_blade_entry_pointy_end],
          layout_onion_city, hangedman_elf_represent, uniq_jorgrun, uniq_agnes,
          uniq_saint_roka, uniq_louise

Skill      XL: |  1  2  3  4  5  6  7  8  9 10 11 12 13 14 15 16 17 18 19 |
---------------+----------------------------------------------------------+-----
Dodging        | 2 3 4 5 6 7 8 |  8.2
Stealth        | 2 3 4 5 |  5.7
Fighting       | 1 3 4 5 |  5.2
Conjurations   | 5 6 7 9 10 11 12 13 14 15 16 17 | 17.6
Spellcasting   | 3 4 5 6 7 8 9 10 12 13 14 15 16 | 16.4
Axes           | 1 2 3 |  3.6
Earth Magic    | 1 4 5 6 8 9 10 11 12 13 14 | 14.1
Evocations     | 3 5 7 8 10 11 12 | 12.2
Staves         | 1 |  1.8
Armour         | 2 3 4 5 |  5.6
Translocations | 1 2 |  2.0
Ice Magic      | 3 |  3.5
Air Magic      | 2 |  2.7
Summonings     | 1 5 7 9 10 | 10.1
Short Blades   | |  0.9
Necromancy     | |  0.3

Action                     |  1- 3 |  4- 6 |  7- 9 | 10-12 | 13-15 | 16-18 | 19-21 || total
---------------------------+-------+-------+-------+-------+-------+-------+-------++-------
  Melee: Unarmed           |     4 |       |       |       |       |       |       ||     4
         Dagger            |    18 |       |       |       |       |       |       ||    18
         Hand axe          |       |    49 |    11 |       |       |       |       ||    60
         Staff             |       |       |    25 |    66 |    48 |    21 |       ||   160
         Touch             |       |       |     2 |    13 |     5 |       |       ||    20
         Kick              |       |       |       |       |     7 |       |       ||     7
   Cast: Magic Dart        |    17 |       |       |       |       |       |       ||    17
         Searing Ray       |    13 |    39 |    39 |     3 |     1 |     1 |       ||    96
         Stone Arrow       |       |       |    95 |   311 |   774 |   643 |    26 ||  1849
         Iskenderun's Myst |       |       |       |     6 |    23 |    26 |     4 ||    59
         Brom's Barrelling |       |       |       |       |    16 |       |       ||    16
         Bombard           |       |       |       |       |    26 |    53 |    10 ||    89
         Freezing Cloud    |       |       |       |       |    11 |    73 |     1 ||    85
         Orb of Destructio |       |       |       |       |    17 |    44 |       ||    61
         Petrify           |       |       |       |       |     1 |       |       ||     1
         Spellforged Servi |       |       |       |       |       |    11 |     2 ||    13
         Sublimation of Bl |       |       |       |       |       |     3 |       ||     3
 Invoke: Call Merchant     |       |       |       |     1 |     4 |     1 |       ||     6
  Evoke: Wand              |       |       |       |     3 |     4 |     3 |       ||    10
         Lightning rod     |       |       |       |       |     3 |     5 |       ||     8
         Sack of spiders   |       |       |       |       |       |     1 |       ||     1
    Use: Scroll            |       |       |     9 |    11 |    18 |    10 |       ||    48
         Potion            |       |       |       |       |     3 |     9 |     1 ||    13
   Stab: Sleeping          |       |     1 |     1 |       |       |       |       ||     2
         Distracted        |       |       |     1 |     1 |       |       |       ||     2
 Armour: Robe              |    29 |    50 |    64 |    25 |       |       |       ||   168
         Leather armour    |       |       |       |   171 |   371 |   384 |    29 ||   955
  Dodge: Dodged            |    45 |    61 |    69 |   228 |   398 |   213 |     5 ||  1019

Table legend: (Time is in decaauts)
 A = Elapsed time spent in this place.
 B = Non-inter-level travel time spent in this place.
 C = Inter-level travel time spent in this place.
 D = Time resting spent in this place.
 E = Time spent auto-exploring this place.
 F = Levels seen in this place.
 G = Mean time per level.
                   A        B        C        D        E       F      G
               +--------+--------+--------+--------+--------+-----+--------+
         Total |  65043 |  63387 |   1656 |   9999 |  43139 |  32 | 2032.6 |
       Dungeon |  21636 |  20914 |    722 |   1380 |  16475 |  15 | 1442.4 |
          Lair |  12936 |  12405 |    531 |    708 |   9610 |   5 | 2587.2 |
        Shoals |  10828 |  10667 |    161 |   2328 |   6476 |   4 | 2707.0 |
   Spider Nest |   9813 |   9627 |    186 |   3633 |   4505 |   4 | 2453.2 |
  Orcish Mines |   4883 |   4829 |     54 |   1002 |   3130 |   2 | 2441.5 |
   Elven Halls |   4944 |   4944 |      0 |    948 |   2942 |   2 | 2472.0 |
               +--------+--------+--------+--------+--------+-----+--------+

Top non-repeatable levels by time:
  Lair:5: 4709 daAuts
   Orc:2: 3793 daAuts
Shoals:1: 3428 daAuts
Shoals:4: 3349 daAuts
Spider:4: 3201 daAuts
Spider:1: 2884 daAuts
  Lair:1: 2871 daAuts
   Elf:2: 2808 daAuts
Shoals:3: 2546 daAuts
    D:15: 2248 daAuts
  Lair:4: 2144 daAuts
   Elf:1: 2135 daAuts
Spider:2: 2131 daAuts
    D:14: 2126 daAuts
     D:9: 1996 daAuts
